Map: Eternal Empire LE

Players

Future - Winner!

  • Race: Terran Terran
  • Spawn Location: 7:00

TLHarstem (Harstem)

  • Race: Protoss Protoss
  • League: Master
  • Spawn Location: 1:00

Event: StayAtHomestory Cup #2

VOD

Have the link to the VOD?

Description

Time

  • Played on: June 11, 2020, 1:15 p.m.
  • Length: 11:38

All games in this series

Show
View Real Time Build Order
Export as new Build Order

Future Terran - Winner!

Build Orders: Liberator Opening 

Get SALT Encoding   

  12  0:01  SCV  
  13  0:13  SCV  
  14  0:17  Supply Depot  
  14  0:25  SCV  
  15  0:39  SCV  
  15  0:41  Barracks  
  16  0:44  Refinery  
  16  0:51  SCV  
  17  1:03  SCV  
  18  1:15  SCV  
  19  1:28  Marine  
  19  1:29  Orbital Command  
  20  1:40  Command Center  
  20  1:53  Factory  
  20  1:56  SCV  
  21  2:03  Barracks Tech Lab  
  21  2:05  Barracks Reactor  
  21  2:08  SCV  
  22  2:10  Refinery  
  22  2:16  Supply Depot  
  22  2:20  SCV  
  23  2:37  SCV  
  23  2:39  Starport  
  24  2:46  Hellion  
  24  2:47  Hellion  
  24  2:49  SCV  
  30  2:55  Orbital Command  
  28  3:01  SCV  
  29  3:07  Hellion  
  29  3:09  Hellion  
  34  3:21  Liberator  
  34  3:24  Reaper  
  37  3:32  Hellion x2  
  41  3:37  Supply Depot  
  41  3:40  SCV  
  43  3:41  SCV  
  43  3:52  SCV  
  43  3:53  SCV  
  45  3:56  Supply Depot  
  45  4:02  Marine x2, Factory Tech Lab  
  47  4:04  SCV  
  47  4:05  SCV  
  47  4:07  Liberator  
  52  4:15  Bunker  
  52  4:16  SCV  
  53  4:17  SCV  
  54  4:28  Siege Tank  
  56  4:35  Marine  
  47  4:41  SCV x2  
  47  4:49  Marine  
  47  4:51  Bunker, Barracks  
  48  4:52  Marine  
  48  4:53  SCV x2, Barracks  
  48  4:58  Supply Depot  
  51  5:00  Siege Tank  
  51  5:05  SCV  
  55  5:10  SCV, Marine  
  55  5:11  Marine  
  55  5:13  Supply Depot  
  55  5:25  SCV x2  
  55  5:28  Marine  
  57  5:29  Marine  
  57  5:30  Refinery  
  57  5:32  Engineering Bay, Refinery, Siege Tank  
  62  5:37  SCV x2  
  62  5:38  Marine  
  62  5:49  SCV  
  60  5:55  SCV  
  58  5:58  Marine x4  
  58  6:00  Engineering Bay  
  58  6:01  SCV  
  61  6:07  SCV  
  61  6:11  Siege Tank  
  61  6:15  Marine  
  61  6:16  SCV  
  66  6:20  SCV  
  66  6:23  Barracks Tech Lab  
  67  6:27  Marine  
  67  6:28  SCV  
  67  6:32  SCV  
  67  6:33  Marine  
  67  6:39  Terran Infantry Weapons Level 1  
  68  6:40  SCV, Supply Depot x2  
  68  6:44  SCV  
  68  6:52  Marine x2  
  68  6:53  Stimpack  
  68  6:54  SCV, Siege Tank  
  73  6:57  SCV  
  72  7:06  Supply Depot, Marine  
  72  7:08  Starport Reactor  
  73  7:14  Missile Turret, Marine x2  
  75  7:20  Missile Turret  
  66  7:32  SCV  
  66  7:35  Factory Reactor  
  68  7:37  Marauder x2, Marine x2  
  68  7:40  Combat Shield  
  68  7:41  SCV  
  68  7:44  SCV  
  74  7:53  SCV  
  74  7:56  SCV  
  74  7:58  Marauder, Marine x2  
  79  7:59  Medivac x2, Marauder  
  86  8:12  SCV x2  
  88  8:13  Supply Depot  
  88  8:14  Supply Depot  
  88  8:17  Marine x2  
  92  8:20  Marauder x2  
  94  8:32  Supply Depot x2  
  94  8:35  Widow Mine x2  
  96  8:42  Marauder x2, Marine x2  
  99  8:59  Marine x2  
  97  9:03  Marauder x2  
  97  9:05  Missile Turret  
  98  9:12  Medivac x2  
  99  9:18  Widow Mine  
  101  9:29  Marauder  
  101  9:30  Marine  
  103  9:40  Missile Turret  
  102  9:50  Medivac  
  104  9:55  Medivac  
  105  10:00  Marauder x2  
  105  10:03  Marine  
  105  10:05  Marine  
  109  10:20  Marine  
  103  10:24  Marauder  
  103  10:25  Marauder, Marine  
  104  10:38  Marine  
  101  10:43  Medivac, Marine  
  101  10:45  Marauder  
  101  10:46  Widow Mine x2  
  101  10:47  Marauder  
  112  10:56  Marine  
  98  10:59  Medivac  
  100  11:07  Marauder  
Show
View Real Time Build Order
Export as new Build Order

TLHarstem Protoss 

Build Orders: 1 Gate Expand, Blink Stalkers 

Get SALT Encoding   

  12  0:00  Probe  
  13  0:13  Probe  
  14  0:18  Pylon  
  14  0:25  Probe  
  15  0:33  Probe  
  15  0:36  Gateway  
  15  0:41  Probe  
  17  0:50  Assimilator  
  17  0:51  Probe  
  18  1:03  Probe  
  19  1:15  Probe  
  20  1:22  Cybernetics Core  
  20  1:34  Nexus  
  20  1:39  Pylon  
  20  1:43  Probe  
  21  1:49  Adept  
  21  1:51  Assimilator  
  21  1:55  Probe  
  21  2:00  Warp Gate  
  24  2:07  Probe  
  25  2:09  Stalker  
  25  2:19  Probe  
  28  2:31  Probe  
  28  2:36  Twilight Council  
  29  2:42  Stalker  
  31  2:45  Probe  
  31  2:46  Probe  
  33  2:58  Probe x2  
  34  3:04  Gateway  
  35  3:10  Probe x2, Blink  
  37  3:13  Robotics Facility  
  35  3:22  Probe x2  
  37  3:30  Gateway  
  38  3:34  Probe  
  38  3:35  Probe  
  39  3:45  Pylon  
  39  3:46  Probe  
  39  3:47  Probe  
  41  3:49  Stalker  
  43  3:58  Probe  
  43  4:01  Stalker  
  46  4:03  Observer  
  46  4:05  Probe  
  46  4:07  Pylon  
  48  4:10  Probe  
  48  4:15  Assimilator  
  48  4:16  Stalker  
  51  4:17  Probe  
  52  4:31  Probe, Stalker x2  
  50  4:33  Probe  
  42  4:39  Probe  
  42  4:41  Probe  
  39  4:47  Probe  
  39  4:50  Probe  
  39  4:58  Probe  
  39  4:59  Probe  
  41  5:03  Stalker, Pylon  
  41  5:06  Probe  
  44  5:11  Probe, Stalker  
  48  5:15  Probe  
  46  5:23  Probe x2  
  46  5:25  Stalker  
  50  5:33  Stalker  
  52  5:42  Probe  
  51  5:47  Probe  
  48  5:57  Stalker x3  
  54  6:05  Probe, Observer  
  54  6:06  Probe  
  54  6:10  Observer  
  56  6:17  Probe  
  57  6:20  Probe  
  57  6:22  Stalker x2  
  57  6:23  Stalker  
  64  6:29  Probe  
  66  6:32  Probe  
  66  6:35  Pylon  
  66  6:42  Probe  
  67  6:50  Probe  
  67  6:52  Observer  
  68  6:57  Probe  
  67  7:03  Probe  
  67  7:06  Probe  
  67  7:07  Dark Shrine  
  67  7:08  Zealot  
  70  7:10  Sentry  
  70  7:11  Observer  
  70  7:15  Probe x2  
  75  7:19  Nexus  
  70  7:24  Warp Prism  
  70  7:27  Probe x2  
  66  7:39  Probe x2  
  66  7:40  Stalker x2  
  66  7:50  Stalker  
  68  7:52  Probe  
  68  7:55  Probe  
  68  7:58  Robotics Bay  
  70  7:59  Forge  
  70  8:00  Gateway  
  70  8:04  Probe  
  71  8:08  Probe  
  72  8:15  Pylon  
  72  8:16  Probe  
  72  8:19  Assimilator  
  73  8:20  Probe  
  73  8:21  Pylon  
  73  8:24  Pylon  
  74  8:29  Dark Templar x2  
  74  8:31  Dark Templar  
  80  8:37  Probe  
  80  8:40  Disruptor  
  80  8:41  Probe  
  82  8:44  Probe  
  83  8:52  Probe  
  87  8:59  Dark Templar  
  87  9:01  Probe  
  88  9:04  Probe  
  89  9:12  Zealot x2, Dark Templar  
  94  9:17  Probe  
  97  9:24  Probe  
  93  9:32  Dark Templar  
  93  9:33  Pylon  
  93  9:34  Dark Templar  
  93  9:37  Probe  
  93  9:40  Probe  
  93  9:41  Gateway  
  93  9:43  Gateway  
  93  9:45  Gateway  
  92  9:47  Gateway  
  92  9:58  Probe x2  
  87  10:06  Dark Templar  
  89  10:08  Probe  
  89  10:11  Pylon  
  89  10:13  Pylon  
  89  10:15  Pylon  
  89  10:16  Pylon  
  89  10:17  Pylon  
  89  10:18  Pylon  
  89  10:20  Gateway  
  85  10:23  Gateway  
  85  10:27  Pylon x2  
  83  10:29  Probe  
  82  10:37  Zealot  
  82  10:43  Stalker x4  
  90  10:53  Probe  
  90  10:55  Shield Battery  
  90  10:56  Probe  
  92  11:01  Pylon  
  92  11:03  Forge  
  84  11:12  Stalker, Zealot x2  
  84  11:13  Stalker x2  
  75  11:27  Pylon  
  75  11:28  Stalker x2  
  63  11:33  Stalker  
  63  11:34  Stalker  
Tags
 
Add a new tag
Caveats
  • Supply blocks, unpowered buildings, or Contaminate may cause inaccurate times.
  • Supply counts are checked every 10 seconds.